 Dungeon Crawl Stone Soup version 0.01-2115-ge649c80b0b (webtiles) character file.

Game seed: 16199719715937143986, levelgen mode: deterministic

63 Lanoc the Skirmisher (level 3, -4/33 HPs) Immature Draconian Demonspawn. Began on June 10, 2020. Slain by a sewer rat (7 damage) ... on level 2 of the Dungeon. The game lasted 00:01:15 (248 turns).

Lanoc the Skirmisher (Immature Draconian Demonspawn) Turns: 248, Time: 00:01:16

Health: -4/33      AC:  6    Str: 16    XL:     3 ^: 7
Magic:  0/7        EV: 15    Int: 12    God:
Gold:   8          SH:  0    Dex: 11    Spells: 6/7 levels left

rFire    . . .     Vision   .   a - +0 trident
rCold    . . .     Gourm    .   (no weapon)
rNeg     . . .     Faith    .   (armour unavailable)
rPois    .         Spirit   +   (helmet restricted)
rElec    .         Reflect  .   (no cloak)
rCorr    .         Harm     .   (no gloves)
MR       .....                  (no boots)
Stlth    ++........             (no amulet)
HPRegen  0.21/turn              (no ring)
MPRegen  0.17/turn              (no ring)

@: very slightly contaminated, invisible
A: no body armour, unfitting armour, repulsion field 1, magic shield,
cold-blooded, AC +6
a: Breathe Dart


You were on level 2 of the Dungeon.
You were not hungry.

You visited 1 branch of the dungeon, and saw 2 of its levels.

You collected 8 gold pieces.

Inventory:

Weapons
 a - a +0 trident (weapon)
Scrolls
 b - a scroll of blinking
 e - a scroll of teleportation
 f - a scroll of fear
Comestibles
 c - 2 rations


   Skills:
 + Level 3.8 Fighting
 - Level 1.5 Polearms
 + Level 3.1 Dodging
 - Level 1.3 Stealth
 - Level 2.6 Spellcasting
   Level 3.0 Invocations


You had 6 spell levels left.
You knew the following spells:

 Your Spells              Type           Power        Failure   Level  Hunger
a - Flame Tongue          Fire           1 (40)       26%         1    #......

Your spell library contained the following spells:

 Spells                   Type           Power        Failure   Level  Hunger
 Blink                    Tloc           N/A          36%         2    ###....
 Call Imp                 Summ           1 (100)      36%         2    ###....
 Slow                     Hex            1 (100)      36%         2    ###....
 Conjure Flame            Fire           1 (100)      58%         3    ###....
 Mephitic Cloud           Pois/Air       1 (100)      58%         3    ###....


Dungeon Overview and Level Annotations

Branches:
Dungeon (2/8)

Altars:


Innate Abilities, Weirdness & Mutations

You cannot fit into any form of body armour.
Your plain brown scales are hard. (AC +6)
You can breathe rudimentary magical darts.
You are surrounded by a mild repulsion field. (EV +2)
When hurt, damage is shared between your health and your magic reserves.
You are cold-blooded and may be slowed by cold attacks.


Message History

You strike the helpless sewer rat from behind!
You hit the sewer rat but do no damage.
The sewer rat is almost dead. (1/10) HP The sewer rat bites the withered plant (9)!
The sewer rat bites the withered plant (1).
The sewer rat bites the withered plant (7)!
The sewer rat bites the withered plant but does no damage.
The sewer rat closely misses you (0).
You barely miss the sewer rat. You hit the sewer rat but do no damage.
The sewer rat is almost dead. (1/10) HP The sewer rat bites the withered plant but does no damage. x3
The sewer rat barely misses you (0).
The sewer rat bites the withered plant (7)!
Unknown command.
You barely miss the sewer rat. x2
The sewer rat bites the withered plant (3).
The sewer rat bites the withered plant but does no damage.
The sewer rat bites the withered plant (1).
The sewer rat bites you (8)!
You die...

≈≈≈≈.≈≈≈≈≈.≈≈≈≈≈##
≈≈≈P..≈≈≈..≈≈≈≈≈##
.....≈≈≈≈≈.P≈≈≈≈##
≈.≈≈≈≈≈≈≈≈.≈≈≈≈.##
≈.≈≈≈P≈≈≈≈..≈≈.r##
≈≈≈≈PPP≈≈≈.≈≈≈rr##
≈≈≈≈PPP≈≈≈≈≈≈rrr##
≈≈≈PP.PPPP.≈≈PPr##
≈≈PP...PP..≈≈≈rP@#
###############≈##
# ###


You could see 8 sewer rats.

Vanquished Creatures
  6 sewer rats (D:2)
  A ball python (D:1)
  A bat (D:1)
  2 hobgoblins (D:1)
  A kobold (D:1)
  A bat skeleton (D:2)
12 creatures vanquished.

Notes
Turn   | Place    | Note
-------+----------+-------------------------------------------
     0 | D:1      | Lanoc the Immature Draconian Demonspawn began the quest for
                  | the Orb.
     0 | D:1      | Reached XP level 1. HP: 18/18 MP: 4/4
   197 | D:2      | Gained mutation: When hurt, damage is shared between your
                  | health and your magic reserves. [demonic ancestry]
   197 | D:2      | Reached XP level 2. HP: 21/26 MP: 2/5
   201 | D:2      | Gained mutation: You are surrounded by a mild repulsion
                  | field. (EV +2) [demonic ancestry]
   201 | D:2      | Reached XP level 3. HP: 19/31 MP: 0/7
   248 | D:2      | Slain by a sewer rat

Levels and vault maps discovered:
D:1:      dpeg_chamrin_arrival_tetris, layout_cave_pools, first_ration,
          minmay_pentomino_p2
D:2:      layout_sewer, marbit_many_paths, serial_shops, shop,
          hangedman_abyss_or_decor_jellyfish_corner

Skill      XL: |  1  2  3 |
---------------+----------+-----
Fighting       | 3 |  3.8
Dodging        | 3 |  3.1
Polearms       | |  1.5
Stealth        | |  1.3
Spellcasting   | |  2.6
Invocations    | |  3.0

Action                   || total
-------------------------++-------
Melee: Trident           ||    39
       Unarmed           ||    28
       Tailslap          ||     4
 Cast: Flame Tongue      ||     7
 Abil: Breathe Dart      ||     1
  Use: Potion            ||     1
 Stab: Sleeping          ||     3
       Invisible         ||     3
Armor: Skin              ||     5
Dodge: Dodged            ||    43
